 Dungeon Crawl Stone Soup version 0.20-a0-830-g2c9a30d (webtiles) character file.

4755 M4edhros the Carver (level 10, -3/62 HPs)
             Began as an Octopode Fighter on Mar 7, 2017.
             Was a Believer of Ru.
             Slain by an orc
             ... wielding a +0 falchion
              (4 damage)
             ... on level 9 of the Dungeon.
             The game lasted 00:08:25 (15893 turns).

M4edhros the Carver (Octopode Fighter)             Turns: 15893, Time: 00:08:25

Health: -3/62      AC:  4    Str: 17    XL:     10   Next: 46%
Magic:  0/19       EV: 16    Int:  6    God:    Ru [**....]
Gold:   521        SH: 11    Dex: 18    Spells: 9/9 levels left

rFire    + . .     SeeInvis .   a - +0 long sword
rCold    . . .     Gourm    .   b - +0 shield
rNeg     + + .     Faith    .   (helmet restricted)
rPois    +         Spirit   +   u - amulet of guardian spirit
rElec    +         Reflect  .   l - ring of positive energy
rCorr    +         Harm     .   k - ring of resist corrosion
MR       .....                  x - ring of positive energy
Stlth    ..........             h - ring of magical power
Regen    0.2/turn               (no ring)
MPRegen  0.2/turn               (no ring)
                                (no ring)
                                (no ring)

@: about to teleport
A: almost no armour, stealthy swim, amphibious, 8 rings, constrict 8, tentacle
spike 1, icy blue scales 2, camouflage 1, agile 1, dopey 2, fire resistance 1,
frail 1, mutation resistance 1, poison resistance, screaming 1, electricity
resistance, strong 1, gelatinous body 1, no stealth, unskilled 1
a: Renounce Religion


You were on level 9 of the Dungeon.
You worshipped Ru.
Ru was pleased with you.
You were not hungry.

You visited 2 branches of the dungeon, and saw 10 of its levels.

You collected 521 gold pieces.

Inventory:

Hand Weapons
 a - a +0 long sword (weapon)
Missiles
 d - 235 stones (quivered)
 p - 65 sling bullets
Armour
 b - a +0 shield (worn)
Jewellery
 h - a ring of magical power (on tentacle)
 k - a ring of resist corrosion (right tentacle)
 l - a ring of positive energy (left tentacle)
 u - an amulet of guardian spirit (around mantle)
 x - a ring of positive energy (on tentacle)
 N - an uncursed ring of magical power
Wands
 y - a wand of acid (3/15)
 G - a wand of flame (11/48)
 J - a wand of flame (30/48)
Scrolls
 e - 4 scrolls of blinking
 i - 2 scrolls of fog {unknown}
 j - a scroll of noise {unknown}
 o - 7 scrolls of teleportation
 q - a scroll of fear {unknown}
 s - a scroll of remove curse {unknown}
 z - 2 scrolls of magic mapping {unknown}
 D - 6 scrolls of identify
 F - a scroll of random uselessness {unknown}
 I - a scroll of amnesia {unknown}
 M - 2 scrolls of enchant weapon {unknown}
Potions
 c - 3 potions of might
 g - 3 potions of lignification {unknown}
 m - 2 potions of heal wounds {unknown}
 n - a potion of berserk rage
 r - a potion of magic {unknown}
 v - 3 potions of curing
 A - a potion of brilliance {unknown}
 B - 2 potions of cancellation {unknown}
 C - a potion of agility {unknown}
 E - a potion of resistance {unknown}
Books
 L - a book of Power

   Spells                             Type                      Level
   a - Iskenderun's Battlesphere      Conjuration/Charms           5
   b - Venom Bolt                     Conjuration/Poison           5
   c - Bolt of Magma                  Conjuration/Fire/Earth       5
   d - Iron Shot                      Conjuration/Earth            6
   e - Orb of Destruction             Conjuration                  7
   f - Spellforged Servitor           Conjuration/Summoning        7
Comestibles
 f - 8 bread rations
 t - 7 fruits
 w - 7 meat rations
 H - 6 royal jellies


   Skills:
 + Level 6.4 Fighting
 * Level 9.0 Long Blades
 + Level 6.8 Dodging
 + Level 6.9 Shields


You had 9 spell levels left.
You didn't know any spells.

Dungeon Overview and Level Annotations

Branches:
Dungeon (9/15)             Temple (1/1) D:5
   Lair: D:8-11         Orc: D:9-12

Altars:
Ashenzari
Cheibriados
Dithmenos
Elyvilon
Fedhas
Gozag
Hepliaklqana
Kikubaaqudgha
Makhleb
Nemelex Xobeh
Okawaru
Qazlal
Ru
Sif Muna
Trog
Uskayaw
Vehumet
Wu Jian
Xom
Yredelemnul
Zin
The Shining One


Innate Abilities, Weirdness & Mutations

You cannot wear most types of armour.
You are very stealthy in the water. (Stealth+)
You are amphibious.
You can wear up to eight rings at the same time.
You can use your tentacles to constrict eight enemies at once.
Your skin changes colour to match your surroundings (Stealth+).
Your rubbery body absorbs attacks. (AC +1, EV +1)
You cannot be stealthy.
You are somewhat unskilled. (-1 Apt)
One of your tentacles bears a spike.
You are mostly covered in icy blue scales. (AC +3)
You are agile. (Dex +2)
You are very dopey. (Int -4)
Your flesh is heat resistant. (rF+)
You are frail. (-10% HP)
You are somewhat resistant to further mutation.
Your system is resistant to poisons. (rPois)
You occasionally shout uncontrollably at your foes.
You are resistant to electric shocks. (rElec)
Your muscles are strong. (Str +2)


Message History

a tomahawk; a wyvern corpse Evoke which item? (* to show all) (? for menu, Esc to quit)
Aiming: Corrosive Bolt
Press: ? - help, Shift-Dir - straight line, f - two-headed ogre
Aim: a two-headed ogre, wielding two giant clubs (almost dead)
The bolt of acid hits the two-headed ogre.
The two-headed ogre is splashed with acid.
The acid corrodes the two-headed ogre!
You kill the two-headed ogre!
Your Long Blades skill increases to level 9!
The bolt of acid misses the orc warrior.
This wand has 3 charges left.
You block the orc's attack.
Unknown command.
Okay, then.
As you read the scroll of teleportation, it crumbles to dust.
You feel strangely unstable. The orc misses you.
The orc warrior hits you with a short sword.
* * * LOW HITPOINT WARNING * * *
The orc hits you with a falchion.
You die...

..........................#
############..............#
# #.##############
############..............#
..........................#
######....................#
# #.########..########## #
#.# #..# # #.# #o@#
######.# #oo#
.......########.(##########
.................)......(.#
..................)(......#
####..########..###########
####..########..#
................###########
............[.............#


You could see an orc warrior and 2 orcs.

Vanquished Creatures
  A two-headed ogre (D:9)
  A hippogriff (D:8)
  A wyvern (D:9)
  A human (D:7)
  2 yaks (D:7)
  2 hogs (D:7)
  Edmund (D:5)
  2 sky beasts
  An orc warrior (D:6)
  2 ice beasts (D:8)
  A necrophage (D:9)
  A phantom (D:8)
  3 ogres
  2 centaurs
  A gnoll sergeant (D:8)
  4 bullfrogs
  A wyvern skeleton (D:7)
  A water moccasin skeleton (D:8)
  3 scorpions
  9 killer bees
  3 howler monkeys
  3 crimson imps
  3 hounds
  A quasit (D:9)
  A bullfrog skeleton (D:5)
  2 orc wizards
  Jessica (D:3)
  3 iguanas
  3 worker ants
  A killer bee zombie (D:7)
  A hound zombie (D:6)
  2 hound skeletons
  2 worker ant zombies (D:7)
  14 adders
  11 gnolls
  A shadow imp (D:9)
  An ooze (D:1)
  2 dart slugs
  6 leopard geckos
  22 orcs
  A ball python (D:2)
  7 giant cockroaches
  6 goblins (D:1)
  8 hobgoblins
  4 kobolds
  3 quokkas
  8 bats
  4 frilled lizards
  A quokka skeleton (D:6)
  A quokka zombie (D:5)
  7 rats
173 creatures vanquished.

Notes
Turn   | Place    | Note
-------+----------+-------------------------------------------
     0 | D:1      | M4edhros the Octopode Fighter began the quest for the Orb.
     0 | D:1      | Reached XP level 1. HP: 16/16 MP: 1/1
    14 | D:1      | Reached XP level 2. HP: 9/21 MP: 2/2
   431 | D:1      | Reached XP level 3. HP: 20/26 MP: 3/3
   707 | D:2      | Reached skill level 3 in Long Blades
  1009 | D:3      | Reached XP level 4. HP: 31/31 MP: 4/4
  1030 | D:4      | Reached XP level 5. HP: 20/36 MP: 5/5
  1315 | D:4      | Reached skill level 4 in Long Blades
  1630 | D:4      | Reached XP level 6. HP: 43/43 MP: 6/6
  2052 | D:5      | Entered Level 5 of the Dungeon
  2063 | D:5      | Found a staircase to the Ecumenical Temple.
  2083 | D:5      | Noticed Edmund
  2093 | D:5      | Killed Edmund
  2119 | Temple   | Entered the Ecumenical Temple
  2189 | Temple   | Became a worshipper of Xom of Chaos
  2440 | Temple   | XOM: harmless Fire miscast
  2523 | Temple   | XOM: harmless Chrm miscast
  3424 | Temple   | XOM: summons 1 hostile demon
  3493 | Temple   | XOM: harmless Hex miscast
  3795 | Temple   | XOM: summons 1 hostile demon
  3796 | Temple   | Noticed a hellwing
  4203 | Temple   | XOM: give mutations
  4203 | Temple   | Gained mutation: Your muscles are strong. (Str +2) [Xom's mischief]
  4203 | Temple   | Gained mutation: You are dopey. (Int -2) [Xom's mischief]
  4203 | Temple   | Gained mutation: Your muscles are very strong. (Str +4) [Xom's mischief]
  4385 | Temple   | XOM: mild Tmut miscast
  4818 | Temple   | XOM is BORED!
  4818 | Temple   | XOM: mild Tmut miscast
  4825 | Temple   | XOM: give mutations
  4825 | Temple   | Gained mutation: You are agile. (Dex +2) [Xom's grace]
  4825 | Temple   | Gained mutation: You are partially covered in icy blue scales. (AC +2) [Xom's grace]
  5111 | Temple   | XOM: medium Summ miscast
  5112 | Temple   | Noticed a soul eater
  5371 | Temple   | XOM: give mutations
  5371 | Temple   | Gained mutation: You occasionally shout uncontrollably at your foes. [Xom's mischief]
  5371 | Temple   | Lost mutation: You are agile. (Dex +2) [Xom's mischief]
  5371 | Temple   | Lost mutation: Your muscles are very strong. (Str +4) [Xom's mischief]
  5621 | Temple   | XOM: mild Hex miscast
  5922 | Temple   | XOM: 3-stop teleportation journey
  6171 | Temple   | XOM: 1-stop teleportation journey
  6417 | Temple   | XOM: noise
  6726 | Temple   | XOM: summons 1 hostile demon
  7045 | Temple   | XOM: 2-stop teleportation journey
  7298 | Temple   | XOM: god gift: 14 stones
  7433 | Temple   | XOM: cloud trail
  7460 | Temple   | XOM: give mutations
  7460 | Temple   | Gained mutation: You evolve. [Xom's grace]
  7460 | Temple   | Gained mutation: You are resistant to electric shocks. (rElec) [Xom's grace]
  7460 | Temple   | Gained mutation: You are agile. (Dex +2) [Xom's grace]
  7577 | Temple   | XOM is BORED!
  7577 | Temple   | XOM: mild Fire miscast
  7598 | Temple   | XOM: 2-stop teleportation journey
  7716 | Temple   | XOM: stat loss: -1 Dex (15/16)
  7728 | Temple   | XOM: stat loss: -1 Str (16/17)
  7883 | Temple   | XOM: draining
  7932 | Temple   | XOM: noise
  8068 | Temple   | XOM: 6-stop teleportation journey
  8683 | Temple   | XOM: 5-stop teleportation journey
  8737 | Temple   | XOM: give mutations
  8737 | Temple   | Gained mutation: You are frail. (-10% HP) [Xom's mischief]
  8737 | Temple   | Gained mutation: You are very dopey. (Int -4) [Xom's mischief]
  8839 | Temple   | XOM: 8-stop teleportation journey
  9078 | Temple   | XOM: mild Conj miscast
  9137 | Temple   | XOM: 9-stop teleportation journey
  9490 | Temple   | Gained mutation: One of your tentacles bears a spike. [evolution]
  9710 | Temple   | XOM: cloud trail
  9861 | Temple   | XOM: divination: detect creatures
 11195 | Temple   | Fell from the grace of Xom
 11195 | Temple   | Became a worshipper of Ru the Awakened
 11847 | D:2      | XOM: medium Tmut miscast
 11984 | D:3      | Reached skill level 5 in Long Blades
 11984 | D:3      | Reached XP level 7. HP: 43/43 MP: 7/7
 12036 | D:3      | Noticed Jessica
 12038 | D:3      | Killed Jessica
 12314 | D:3      | XOM: stat loss: -2 Int (4/6)
 12491 | D:5      | Found an opulent altar of Gozag.
 12783 | D:5      | XOM: mild Summ miscast
 12841 | D:5      | Gained mutation: You cannot be stealthy. [Ru sacrifice]
 13189 | D:5      | XOM: give mutations
 13189 | D:5      | Gained mutation: Your flesh is heat resistant. (rF+) [Xom's grace]
 13189 | D:5      | Gained mutation: You are mostly covered in icy blue scales. (AC +3) [Xom's grace]
 13189 | D:5      | Gained mutation: Your system is resistant to poisons. (rPois) [Xom's grace]
 13189 | D:5      | Lost mutation: You evolve. [Xom's grace]
 13189 | D:5      | Gained mutation: You are somewhat resistant to further mutation. [Xom's grace]
 13475 | D:6      | Reached skill level 5 in Dodging
 13505 | D:6      | Reached XP level 8. HP: 38/48 MP: 8/8
 13752 | D:6      | Reached skill level 6 in Long Blades
 13752 | D:6      | Reached skill level 5 in Shields
 14110 | D:7      | Reached skill level 5 in Fighting
 14127 | D:7      | Reached skill level 7 in Long Blades
 14167 | D:7      | Reached XP level 9. HP: 27/54 MP: 9/9
 14294 | D:7      | XOM: scenery: create altars
 14423 | D:7      | Reached skill level 8 in Long Blades
 14804 | D:8      | Gained mutation: You are somewhat unskilled. (-1 Apt) [Ru sacrifice]
 14804 | D:8      | Reduced skill Fighting to level 5
 14804 | D:8      | Reached * piety under Ru
 14804 | D:8      | Reached ** piety under Ru
 14987 | D:8      | XOM: blink monster(s)
 15067 | D:8      | Reached XP level 10. HP: 34/61 MP: 10/10
 15429 | D:9      | XOM: 2-stop teleportation journey
 15457 | D:9      | XOM: medium Hex miscast
 15591 | D:9      | XOM: mild Summ miscast
 15867 | D:9      | Noticed a two-headed ogre
 15889 | D:9      | HP: 3/61 [orc/tomahawk (2)]
 15890 | D:9      | Killed a two-headed ogre
 15890 | D:9      | Reached skill level 9 in Long Blades
 15893 | D:9      | HP: 1/62 [orc warrior/short sword (3)]
 15893 | D:9      | Slain by an orc

Vault maps used:
D:1:      eino_arrival_water_cross
D:3:      uniq_jessica
D:5:      nicolae_gozag_cash_rules_everything_around_me, temple_pool_b,
          first_bread, bh_walls_and_bars, uniq_edmund
D:6:      minivault_1
D:7:      grunt_livestock
D:9:      solitary_fountain
Temple:   compressed_dpeg_triangle_lava_temple

Skill      XL: |  1  2  3  4  5  6  7  8  9 10 |
---------------+-------------------------------+-----
Long Blades    | 3 4 5 7 8 9 |  9.0
Dodging        | 4 5 6 |  6.8
Shields        | 4 5 6 |  6.9
Fighting       | 4 5 6 |  6.4

Action                   |  1- 3 |  4- 6 |  7- 9 | 10-12 || total
-------------------------+-------+-------+-------+-------++-------
Melee: Long sword        |    53 |    73 |   251 |    79 ||   456
       Constrict         |    16 |    24 |    63 |    17 ||   120
       Tentacles         |    11 |    20 |    76 |    20 ||   127
       Kick              |       |     9 |   130 |    33 ||   172
Invok: Sacrifice Stealth |       |       |     1 |       ||     1
       Sacrifice Skill   |       |       |     1 |       ||     1
Evoke: Wand              |       |       |     1 |     1 ||     2
  Use: Scroll            |       |       |     5 |     1 ||     6
       Potion            |       |       |     1 |       ||     1
 Stab: Sleeping          |     4 |     4 |     1 |       ||     9
       Distracted        |       |       |       |     2 ||     2
  Eat: Chunk             |       |     5 |    10 |     3 ||    18
       Meat ration       |       |     4 |       |       ||     4
       Royal jelly       |       |     2 |       |       ||     2
       Bread ration      |       |     1 |       |       ||     1
Armor: Skin              |     5 |     6 |    24 |     7 ||    42
Dodge: Dodged            |    23 |    32 |   152 |    49 ||   256
Block: Shield            |    24 |    23 |   116 |    60 ||   223
       Rpst.: Long sword |     8 |    13 |    54 |     9 ||    84
